NWOBWNB, neutral female scurrid Tourist ---- ------ |.....H...| |......HH@| |.........| |.........+ ----------- NWOBWNB the Rambler Experience level: 1 Strength: 13 Dexterity: 9 Constitution: 14 Intelligence: 16 Wisdom: 8 Charisma: 15 Health: 0(9) Energy: 2(2) Def: 0 Gold: 607 Moves: 58 Dungeon seed: 3c0u6rA66EQkISUc Game ID: NWOBWNB_1498722521 Your Inventory: Coins $ - 607 gold pieces Weapons a - 48 uncursed +2 darts (in quiver) Armor e - an uncursed +0 Hawaiian shirt (being worn) Comestibles b - an uncursed apple c - 5 uncursed food rations d - an uncursed lembas wafer f - an uncursed tin of lichen g - an uncursed tripe ration h - an uncursed cream pie Scrolls k - 2 blessed scrolls of magic mapping l - 2 uncursed scrolls of magic mapping Potions i - an uncursed potion of extra healing j - a blessed potion of extra healing Wands o - an uncursed wand of secret door detection (0:11) Tools m - an uncursed expensive camera (0:42) n - an uncursed credit card p - an uncursed tin opener q - 3 uncursed wax candles (0:400) Spells and supernatural/magical abilities: Name Level Category Fail Memory W - pray for help -- divine ? -- Your skills at the end: Miscellaneous Skills wands [Basic] Weapon Skills dart [Basic] Spellcasting Skills Final Attributes: You were devoutly aligned. You had infravision. You were very stealthy. You are dead. Vanquished creatures: a gecko Voluntary challenges: You went without food. You did not adorn yourself with jewelry or accessories. You did not cause conflict. You were not invisible. You did not have reflection. You were not displaced. You were an atheist. You never hit with a wielded weapon. You were a pacifist. You did not use tools. You did not use plumbed fixtures. You did not drink any magical draughts. You were illiterate. You never genocided any monsters. You never polymorphed an object. You never changed form. You used no wishes. You never split a pudding. You never wrote Elbereth's name. You never violated your personal moral code. Dungeon overview: The Dungeons of Doom: levels 1 to 16 Level 1 a long staircase Level 2 Level 3 Level 4 Level 5 Level 6 Level 7 Level 8 Level 9 Level 10 Level 11 a fountain Level 12 Level 13 Level 14 Level 15 Level 16 <- You were here History has recorded: On T:1 you entered the Dungeons of Doom to retrieve the Amulet of Yendor! On T:9 you reached level 2 of The Dungeons of Doom. On T:11 you reached level 3 of The Dungeons of Doom. On T:13 you reached level 4 of The Dungeons of Doom. On T:16 you reached level 5 of The Dungeons of Doom. On T:18 you reached level 6 of The Dungeons of Doom. On T:20 you reached level 7 of The Dungeons of Doom. On T:22 you reached level 8 of The Dungeons of Doom. On T:25 you reached level 9 of The Dungeons of Doom. On T:27 you reached level 10 of The Dungeons of Doom. On T:29 you reached level 11 of The Dungeons of Doom. On T:46 you reached level 12 of The Dungeons of Doom. On T:49 you reached level 13 of The Dungeons of Doom. On T:51 you reached level 14 of The Dungeons of Doom. On T:55 you reached level 15 of The Dungeons of Doom. On T:57 you reached level 16 of The Dungeons of Doom. Score breakdown: Gold: 0 ( 0 points) Experience: 1 level ( 0 points) Exploration: 16 levels ( 450 points) Discoveries: 1 item ( 50 points) Variety of kills: 1 monster ( 50 points) Major goal: (nothing yet) ( 0 points) Survival: died (score multiplied by 3) Total score: 1650 Latest messages: You fall through... You start digging downward. You continue digging downward. You dig a pit in the floor. You continue digging downward. You dig a hole through the floor. You fall through... You see here a statue of a flaming sphere. You start digging downward. You continue digging downward. You dig a pit in the floor. You continue digging downward. You dig a hole through the floor. You fall through... You start digging downward. You continue digging downward. You dig a pit in the floor. You continue digging downward. You dig a hole through the floor. You fall through... The giant punches you! You die... Final status: Aloha NWOBWNB the Tourist, killed by a giant... You died in The Dungeons of Doom on dungeon level 16 with 1650 points, and 607 pieces of gold, after 58 moves. You were level 1 with a maximum of 9 hit points when you died.